Map: Lerilak Crest

Players

DrDIPS - Winner!

  • Race: Zerg Zerg

lesha

  • Race: Terran Terran
  • League: Silver

VOD

Have the link to the VOD?

Description

Time

  • Played on: Dec. 24, 2015, 10:50 a.m.
  • Length: 4:34
Show
View Real Time Build Order
Export as new Build Order

DrDIPS Zerg - Winner!

Build Orders: Hatch First 

Get SALT Encoding   

  12  0:01  Drone  
  13  0:08  Drone  
  14  0:16  Overlord  
  14  0:25  Drone, Extractor  
  15  0:35  Drone x2  
  17  0:54  Hatchery  
  17  0:56  Drone, Extractor  
  16  1:12  Spawning Pool  
  16  1:14  Drone  
  16  1:17  Drone  
  17  1:21  Drone  
  18  1:28  Drone  
  19  1:37  Overlord  
  19  1:48  Drone  
  20  2:03  Queen  
  20  2:04  Metabolic Boost  
  22  2:09  Drone  
  23  2:19  Drone x2  
  23  2:22  Drone  
  26  2:28  Zergling x2  
  26  2:29  Zergling x2  
  28  2:39  Spine Crawler  
  28  2:42  Zergling x4  
  29  2:54  Zergling x6  
  32  3:01  Queen  
  34  3:23  Drone x2  
  34  3:25  Overlord x3  
  36  3:39  Baneling Nest  
  35  3:43  Extractor  
  35  3:46  Queen  
  35  3:48  Drone x5  
  41  3:56  Zergling x2  
Show
View Real Time Build Order
Export as new Build Order

lesha Terran 

Build Orders: Reaper Expand 

Get SALT Encoding   

  12  0:01  SCV  
  13  0:13  SCV  
  14  0:20  Supply Depot  
  14  0:25  SCV  
  15  0:42  SCV  
  16  0:43  Barracks  
  16  0:48  Refinery  
  16  0:54  SCV  
  17  1:06  SCV  
  18  1:18  SCV  
  19  1:31  Orbital Command  
  19  1:33  Reaper  
  20  1:47  Command Center  
  20  1:56  Barracks  
  20  1:57  SCV  
  21  2:08  Marine  
  22  2:21  Factory  
  22  2:22  SCV  
  23  2:42  Supply Depot  
  23  2:59  SCV, Marine x2  
  23  3:05  Orbital Command  
  26  3:11  SCV  
  27  3:17  Marine x2  
  28  3:23  SCV  
  29  3:30  Starport  
  29  3:33  Barracks  
  29  3:40  SCV x2  
  31  3:49  Refinery  
  31  3:52  SCV x2  
  31  3:53  Factory Tech Lab  
  31  3:54  Barracks Reactor  
  31  3:55  Barracks Tech Lab  
  33  4:04  SCV x2  
  33  4:05  Bunker  
  32  4:15  Marine  
Tags
 
Add a new tag
Caveats
  • Supply blocks, unpowered buildings, or Contaminate may cause inaccurate times.
  • Supply counts are checked every 10 seconds.